 Dungeon Crawl Stone Soup version 0.31.0-11-ge490571c62 (webtiles) character file.

Game seed: 5161582020994407089

18 Goblin1989 the Sneak (level 2, 0/24 HPs)
             Began as a Demonspawn Delver on Feb 2, 2024.
             Was an Initiate of Ru.
             Slain by a hobgoblin (2 damage)
             ... on level 3 of the Dungeon.
             The game lasted 00:04:37 (414 turns).

Goblin1989 the Sneak (Demonspawn Delver)             Turns: 414, Time: 00:04:38

Health: 0/24       AC:  3    Str: 12    XL:     2   Next: 48%
Magic:  2/2        EV: 11    Int: 10    God:    Ru [......]
Gold:   89         SH:  0    Dex: 14    Spells: 1/1 levels left

rFire   . . .        a - +0 short sword
rCold   . . .        (no shield)
rNeg    . . .        b - +0 leather armour
rPois   .            (helmet restricted)
rElec   .            (no cloak)
rCorr   .            (no gloves)
SInv    .            (no boots)
Will    .....        (no amulet)
Stlth   +++          (no ring)
HPRegen 0.24/turn    (no ring)
MPRegen 0.08/turn

%: no passive effects
@: no status effects
A: antennae 1
a: Renounce Religion


You were on level 3 of the Dungeon.
You worshipped Ru.
Ru was noncommittal.
You visited 1 branch of the dungeon, and saw 3 of its levels.

You collected 89 gold pieces.

Inventory:

Hand Weapons
 a - a +0 short sword (weapon)
Armour
 b - a +0 leather armour (worn)
Wands
 g - a wand of digging (3) {@v3}
Scrolls
 c - a scroll of fog
 d - a scroll of revelation
 e - 2 scrolls of fear
 h - 2 scrolls of identify {unknown}
 i - a scroll of acquirement {unknown}
Potions
 f - a potion of haste {@q3,}


   Skills:
 - Level 3.0 Fighting
 - Level 1.7 Short Blades
 - Level 1.7 Dodging
 + Level 5.2 Stealth


You had one spell level left.
You didn't know any spells.
Your spell library contained the following spells:

 Spells                   Type           Power      Damage    Failure   Level
 Mercury Vapours          Alch/Air       0%         N/A       58%         2
 Mephitic Cloud           Conj/Alch/Air  0%         N/A       82%         3
 Freezing Cloud           Conj/Ice/Air   0%         6-21      100%        5


Dungeon Overview and Level Annotations

Branches:
Dungeon (5/15) Zot: 17589
 Temple: D:4-7

Altars:
Kikubaaqudgha
Ru

Shops:
D:4 *


Innate Abilities, Weirdness & Mutations

You have a pair of small antennae on your head.


Message History

The ball python barely misses you. The ball python grabs you.
The ball python constricts you.
You closely miss the ball python.
The ball python bites you but does no damage.
The ball python constricts you.
You take 1 damage, and have 23/24 hp.
You hit the ball python.
You kill the ball python!
A ribbon worm comes into view.
The ribbon worm misses you.
You hit the ribbon worm but do no damage.
The ribbon worm bites you.
You take 2 damage, and have 21/24 hp.
You hit the ribbon worm.
The ribbon worm is lightly wounded.
The ribbon worm bites you.
You take 2 damage, and have 19/24 hp.
You barely miss the ribbon worm.
The ribbon worm is lightly wounded.
You hit the ribbon worm.
The ribbon worm is moderately wounded.
The ribbon worm bites you but does no damage.
You hit the ribbon worm but do no damage.
The ribbon worm is lightly wounded.
The ribbon worm expels a string of sticky webbing.
The stream of webbing hits you but does no damage.
You are caught in a web!
The web tears apart.
The ribbon worm closely misses you.
You hit the ribbon worm but do no damage.
The ribbon worm is lightly wounded.
You hit the ribbon worm but do no damage.
The ribbon worm is lightly wounded.
The ribbon worm bites you.
You take 3 damage, and have 17/24 hp.
You hit the ribbon worm but do no damage.
The ribbon worm misses you.
You hit the ribbon worm.
The ribbon worm is lightly wounded.
A hobgoblin comes into view.
The ribbon worm bites you.
You take 4 damage, and have 13/24 hp.
You barely miss the ribbon worm.
The ribbon worm is lightly wounded.
You hit the ribbon worm.
The ribbon worm is moderately wounded.
The ribbon worm expels a string of sticky webbing.
The stream of webbing hits you but does no damage.
You are caught in a web!
The web tears apart.
The ribbon worm barely misses you.
You hit the ribbon worm.
The ribbon worm is moderately wounded.
The ribbon worm bites you.
* * * LOW HITPOINT WARNING * * *
You take 6 damage, and have 8/24 hp.
MASSIVE DAMAGE!!
You hit the ribbon worm.
The ribbon worm is heavily wounded.
You hit the ribbon worm.
The ribbon worm is heavily wounded.
The ribbon worm bites you but does no damage.
You hit the ribbon worm.
The ribbon worm is severely wounded.
The ribbon worm bites you but does no damage.
You barely miss the ribbon worm.
The ribbon worm is heavily wounded.
The hobgoblin hits you but does no damage.
You hit the ribbon worm.
The ribbon worm is severely wounded.
The ribbon worm closely misses you.
The hobgoblin hits you but does no damage.
You hit the ribbon worm.
The ribbon worm is almost dead.
The ribbon worm expels a string of sticky webbing.
The stream of webbing hits you but does no damage.
You are caught in a web!
The hobgoblin completely misses you.
The web tears apart.
The ribbon worm bites you.
* * * LOW HITPOINT WARNING * * *
The hobgoblin hits you but does no damage.
You take 4 damage, and have 6/24 hp.
You hit the ribbon worm.
The ribbon worm is almost dead.
You hit the ribbon worm but do no damage.
The ribbon worm is almost dead.
The hobgoblin hits you but does no damage.
The ribbon worm bites you but does no damage.
You hit the ribbon worm.
You kill the ribbon worm!
The hobgoblin barely misses you. The hobgoblin hits you.
* * * LOW HITPOINT WARNING * * *
There is an open door here.
You take 3 damage, and have 4/24 hp.
You hit the hobgoblin.
The hobgoblin is severely wounded.
The hobgoblin hits you.
* * * LOW HITPOINT WARNING * * *
You take 2 damage, and have 2/24 hp.
You barely miss the hobgoblin.
The hobgoblin is severely wounded.
The hobgoblin hits you.
You die...

█.....█████████)████.
█...[................
▲...........███.████.
███....................
█.....█...........█....
█.....█.█████....██.█..
█.....▲.....█....█ █ .
██.....█.███.█......
.......@g..█ █.......
████...█.█...█████...
█.█.......... .... █
..█.█......
...█.█.█.... ...██.█
▲.... .█.. █.█ ...
..█.. .█


You could see a hobgoblin.

Vanquished Creatures
  An adder (D:4)
  A ribbon worm (D:3)
  A ball python (D:3)
  An endoplasm (D:4)
  A hobgoblin (D:4)
  2 kobolds (D:3)
7 creatures vanquished.

Notes
Turn   | Place    | Note
-------+----------+-------------------------------------------
     0 | D:5      | Goblin1989 the Demonspawn Delver began the quest for the
                  | Orb.
     0 | D:5      | Reached XP level 1. HP: 18/18 MP: 1/1
    23 | D:5      | Noticed a scorpion
    36 | D:4      | Found a sacrificial altar of Ru.
    55 | D:4      | Became a worshipper of Ru the Awakened
    70 | D:4      | Reached skill level 5 in Stealth
    70 | D:4      | Discovered your monstrous ancestry.
    70 | D:4      | Gained mutation: You have a pair of small antennae on your
                  | head. [demonic ancestry]
    70 | D:4      | Reached XP level 2. HP: 3/24 MP: 2/2
    82 | D:4      | Found an ancient bone altar of Kikubaaqudgha.
    87 | D:4      | Noticed a scorpion
    92 | D:4      | Found Eoovveom's Eclectic Emporium.
   414 | D:3      | Slain by a hobgoblin

Illustrated notes

Levels and vault maps discovered:
D:3:      layout_basic, lemuel_tele_altar, old_standard_altar
D:4:      layout_basic, mainiacjoe_overflow_surrounded_room,
          amcnicky_altar_gilded, nicolae_alphabet_shops
D:5:      layout_rooms, yredelemnul_forgotten_temple_becter,
          kennysheep_mini_moat, minmay_temple_entry_statues_fountains,
          cheibrodos_gnoll_hut

Skill      XL: |  1 |
---------------+----+-----
Stealth        | 5 |  5.2
Fighting       | |  3.0
Short Blades   | |  1.7
Dodging        | |  1.7

Action                     || total
---------------------------++-------
  Melee: Short sword       ||    51
         Punch             ||     1
    Use: Scroll            ||     1
         Potion            ||     1
   Stab: Sleeping          ||     3
 Armour: Leather armour    ||    31
  Dodge: Dodged            ||    13
